Map: Proxima Station LE

Players

Kelazhur

  • Race: Terran Terran
  • Spawn Location: 7:00

uThermal - Winner!

  • Race: Terran Terran
  • Spawn Location: 1:00

Event: WCS Jonkoping 2017

VOD

Have the link to the VOD?

Description

Time

  • Played on: June 17, 2017, 2:45 p.m.
  • Length: 21:26

All games in this series

Show
View Real Time Build Order
Export as new Build Order

Kelazhur Terran 

Build Orders: Reaper Expand, Bio Tank 

Get SALT Encoding   

  12  0:02  SCV  
  13  0:14  SCV  
  13  0:19  Supply Depot  
  14  0:26  SCV  
  15  0:30  Refinery  
  15  0:41  SCV  
  16  0:44  Barracks  
  16  0:53  SCV  
  17  1:05  SCV  
  18  1:17  SCV  
  19  1:32  Reaper  
  21  1:33  Orbital Command  
  20  1:45  Command Center  
  20  1:57  Factory  
  21  2:01  SCV  
  21  2:07  Barracks Reactor  
  21  2:10  Refinery  
  21  2:13  SCV  
  22  2:25  SCV  
  22  2:29  Supply Depot  
  23  2:42  Starport  
  23  2:50  Marine x2  
  23  2:51  SCV  
  26  2:59  Orbital Command  
  26  3:03  SCV  
  27  3:09  Marine  
  27  3:10  Marine  
  27  3:12  Widow Mine  
  31  3:15  SCV  
  31  3:19  Medivac  
  33  3:24  SCV, Supply Depot  
  34  3:27  SCV  
  34  3:29  Marine x2  
  37  3:36  SCV  
  37  3:40  SCV  
  39  3:43  Cyclone  
  39  3:47  Marine x2  
  44  3:48  SCV  
  44  3:52  SCV  
  46  3:56  Supply Depot  
  46  3:57  Viking  
  46  4:01  SCV  
  49  4:04  SCV  
  49  4:06  Marine x2  
  52  4:14  SCV  
  53  4:17  Supply Depot  
  53  4:22  SCV  
  54  4:28  SCV, Barracks  
  54  4:30  Barracks  
  57  4:34  Factory Tech Lab  
  57  4:37  Starport Reactor  
  55  4:39  SCV  
  55  4:40  Supply Depot  
  56  4:48  Barracks Tech Lab  
  56  4:49  SCV  
  55  4:53  SCV  
  55  4:54  Siege Tank  
  59  5:01  SCV  
  59  5:04  Engineering Bay  
  59  5:05  Refinery  
  59  5:06  Marine, Engineering Bay, Refinery  
  61  5:07  Stimpack  
  61  5:09  SCV, Supply Depot  
  61  5:13  SCV  
  63  5:22  SCV  
  63  5:24  Marine, Starport Reactor  
  63  5:26  Siege Tank, Marine x2  
  70  5:32  Terran Infantry Weapons Level 1  
  70  5:33  Marine  
  70  5:34  Marine  
  70  5:35  SCV x2  
  74  5:42  Supply Depot  
  74  5:43  Marine  
  74  5:44  Marine x2  
  77  5:51  Marine, Command Center  
  77  5:54  Terran Infantry Armor Level 1  
  78  6:00  Siege Tank  
  78  6:01  SCV  
  82  6:05  Marine x3  
  82  6:07  Supply Depot  
  82  6:09  Marine  
  86  6:15  Marine  
  86  6:18  SCV x2  
  89  6:23  Marine x2  
  89  6:24  Marine, Medivac x2  
  93  6:31  SCV, Armory  
  94  6:35  Marine x2  
  96  6:40  Siege Tank  
  96  6:44  SCV, Supply Depot  
  100  6:49  Supply Depot  
  100  6:54  Medivac  
  102  7:04  SCV  
  102  7:05  Marine x3  
  102  7:06  SCV  
  102  7:07  Orbital Command  
  107  7:10  Marine x2, Combat Shields  
  109  7:20  SCV  
  110  7:23  Marine x3  
  113  7:30  SCV, Barracks  
  113  7:32  Barracks  
  113  7:33  Siege Tank  
  113  7:36  SCV x2  
  118  7:43  SCV  
  118  7:45  Marine x3  
  118  7:46  Marine x2  
  118  7:47  Medivac  
  118  7:50  SCV x2  
  127  7:54  Refinery  
  126  7:59  Terran Infantry Weapons Level 2  
  126  8:03  SCV x3  
  128  8:06  Marine  
  128  8:07  Marine x4  
  133  8:12  Supply Depot  
  133  8:18  Barracks Reactor  
  133  8:19  Barracks Reactor  
  133  8:20  Supply Depot  
  133  8:28  SCV, Medivac  
  113  8:39  Marine x2  
  113  8:40  Marine  
  106  8:43  Siege Tank  
  106  8:44  Marine x2  
  106  8:45  Medivac  
  92  8:50  Terran Infantry Armor Level 2  
  93  8:55  SCV x2  
  93  8:56  Marine  
  93  8:57  Marine x5  
  93  8:58  Medivac, Marine, Refinery  
  103  9:03  Marine x2, Command Center  
  105  9:13  Barracks  
  105  9:14  Marine x2, Barracks  
  105  9:16  Marine x2  
  109  9:19  Siege Tank, Marine x2  
  109  9:22  Marine  
  109  9:23  Marine x2  
  117  9:24  Terran Vehicle Weapons Level 1  
  117  9:28  Factory  
  117  9:32  Marine x2  
  117  9:34  Marine x2  
  117  9:37  Marine x2  
  123  9:40  Marine x2  
  125  9:49  Marine  
  125  9:50  Marine x2  
  125  9:51  Siege Tank  
  125  9:52  Marine x2  
  133  9:54  Marine  
  133  9:55  Marine  
  135  10:03  Marine x3  
  135  10:04  Marine  
  135  10:07  Marine x2  
  135  10:08  Marine  
  135  10:13  Medivac x2  
  139  10:14  Factory Tech Lab  
  139  10:15  Marine  
  139  10:17  Marine x2  
  139  10:18  Marine  
  139  10:20  Planetary Fortress  
  143  10:21  Marine x3  
  143  10:22  Missile Turret  
  143  10:23  Siege Tank  
  143  10:26  Marine  
  143  10:27  Terran Infantry Weapons Level 3  
  150  10:30  Marine  
  150  10:31  Marine x2  
  150  10:34  Supply Depot  
  153  10:40  Siege Tank  
  156  10:43  Marine x4  
  156  10:46  Marine  
  161  10:54  Marine  
  161  10:57  Siege Tank  
  164  11:02  Medivac  
  164  11:03  Marine x4, Medivac  
  172  11:07  Supply Depot  
  172  11:13  Sensor Tower  
  172  11:17  Supply Depot  
  172  11:28  Siege Tank, Marine x4  
  172  11:30  Marine  
  180  11:36  Marine x2  
  180  11:37  Marine  
  180  11:38  Marine  
  180  11:39  Marine  
  181  11:46  Marine  
  181  11:47  Marine x4  
  154  11:48  Marine  
  154  11:53  Marine  
  154  11:54  Siege Tank, Marine  
  151  11:55  Marine  
  151  11:56  Marine x2  
  157  12:03  Command Center  
  157  12:04  Marine x5  
  157  12:05  Siege Tank, Medivac x2  
  169  12:26  Siege Tank, Marine  
  169  12:29  Marine  
  149  12:30  Marine x9  
  149  12:35  Medivac x2  
  137  12:38  Siege Tank, Terran Infantry Armor Level 3  
  140  12:44  Marine  
  140  12:47  Marine x6  
  140  12:48  Marine  
  148  12:52  Marine  
  149  12:58  Siege Tank  
  149  12:59  Marine x2  
  149  13:01  Missile Turret  
  149  13:02  Marine, Missile Turret  
  149  13:05  Marine x2  
  156  13:10  Siege Tank  
  158  13:13  Marine  
  158  13:14  Marine x5, Missile Turret  
  157  13:28  Marine  
  157  13:29  Marine x4  
  157  13:31  Siege Tank  
  162  13:38  Sensor Tower  
  162  13:42  Siege Tank, Marine x2  
  166  13:49  Marine x2, Medivac x2  
  166  13:50  Marine x2  
  166  13:51  Marine x4  
  175  14:05  Marine  
  175  14:06  Marine x2  
  175  14:07  Siege Tank, Marine x2  
  175  14:08  Marine  
  183  14:18  Missile Turret  
  173  14:24  Marine x3  
  173  14:25  Marine x2  
  173  14:30  Medivac x2  
  173  14:31  Marine x6  
  167  14:42  Marine x4  
  167  14:43  Marine  
  172  14:48  Marine  
  172  14:49  Siege Tank, Marine x4  
  172  14:50  Siege Tank  
  172  14:51  Planetary Fortress  
  183  15:02  Marine x6  
  183  15:04  Command Center  
  183  15:07  Viking x2  
  191  15:09  Marine  
  194  15:19  Marine  
  195  15:22  Siege Tank  
  195  15:28  Marine  
  195  15:33  Marine  
  195  15:34  Marine x3  
  200  15:36  Medivac  
  200  15:37  Medivac  
  187  15:49  Siege Tank, Marine  
  185  15:50  Marine x2  
  185  15:53  Marine  
  185  15:54  Siege Tank, Marine x7  
  179  16:06  Medivac  
  179  16:07  Marine, Medivac  
  179  16:08  Marine  
  171  16:16  Planetary Fortress  
  167  16:21  Siege Tank  
  147  16:33  Barracks  
  147  16:34  Barracks x2  
  135  16:58  Factory  
  135  17:00  Factory x2  
  129  17:12  Barracks, Supply Depot  
  129  17:13  Supply Depot  
  129  17:14  Supply Depot x2  
  129  17:15  Supply Depot  
  128  17:16  Barracks  
  120  17:33  Marine x5  
  101  17:43  Factory Tech Lab  
  101  17:44  Factory Tech Lab x2  
  100  17:46  Starport  
  100  17:50  Marine, Barracks  
  100  17:51  Marine x4, SCV  
  105  17:59  Marine  
  105  18:03  Marine, SCV  
  99  18:08  Marine  
  99  18:09  Marine x4  
  101  18:15  SCV  
  101  18:17  Marine  
  101  18:18  Siege Tank x2  
  106  18:20  Marine  
  106  18:26  Marine x5  
  112  18:30  Starport Reactor  
  112  18:35  Marine  
  112  18:38  Marine  
  110  18:44  Marine x5  
  105  18:53  Marine  
  106  18:56  Marine  
  106  19:01  Refinery x2  
  106  19:02  Marine x5, Refinery  
  112  19:03  Refinery  
  112  19:07  Command Center  
  112  19:11  Marine  
  112  19:14  Marine  
  113  19:19  Marine  
  113  19:20  Marine x4  
  107  19:28  Marine  
  101  19:32  Marine  
  101  19:37  Marine  
  101  19:38  Marine x4  
  107  19:46  Marine  
  107  19:49  Marine  
  107  19:50  Siege Tank  
  107  19:52  Medivac  
  114  19:55  Marine x5  
  119  20:04  Marine  
  120  20:07  Marine  
  120  20:13  Marine x4  
  125  20:17  Marine  
  125  20:18  Medivac  
  125  20:20  Orbital Command  
  128  20:22  Marine, Medivac  
  128  20:25  SCV x2  
  131  20:31  Marine x3  
  131  20:34  Marine  
  131  20:35  Marine  
  132  20:37  SCV  
  132  20:40  Marine  
  102  20:49  Marine x3  
  87  20:51  Siege Tank x3  
  87  20:52  Marine  
  87  20:53  Marine  
  89  20:57  Marine  
  90  21:04  SCV  
  90  21:06  Marine  
  90  21:07  Marine x2  
Show
View Real Time Build Order
Export as new Build Order

uThermal Terran - Winner!

Build Orders: Reaper Expand, Bio Tank 

Get SALT Encoding   

  12  0:01  SCV  
  13  0:13  SCV  
  14  0:18  Supply Depot  
  14  0:25  SCV  
  14  0:27  Refinery  
  15  0:40  SCV  
  16  0:45  Barracks  
  16  0:52  SCV  
  17  1:04  SCV  
  18  1:16  SCV  
  19  1:31  Reaper  
  19  1:32  Orbital Command  
  20  1:44  Command Center  
  20  1:56  Factory  
  20  1:58  SCV  
  21  2:04  Barracks Reactor  
  21  2:10  SCV  
  22  2:16  Supply Depot  
  22  2:17  Refinery  
  22  2:22  SCV  
  23  2:34  SCV  
  23  2:40  Hellion  
  23  2:41  Marine x2  
  23  2:42  Starport  
  27  2:46  SCV  
  27  2:58  SCV  
  27  3:03  Marine, Widow Mine  
  31  3:06  Marine  
  31  3:10  SCV  
  31  3:11  Orbital Command  
  32  3:23  SCV  
  32  3:25  Viking  
  35  3:28  Marine  
  36  3:35  SCV  
  36  3:36  Marine  
  36  3:38  SCV  
  36  3:39  Factory Tech Lab  
  39  3:45  Supply Depot  
  39  3:47  SCV  
  40  3:50  Marine  
  40  3:52  SCV  
  40  3:54  Marine  
  43  3:59  SCV  
  44  4:02  Raven  
  44  4:06  SCV  
  44  4:07  Marine  
  44  4:08  Supply Depot  
  48  4:11  SCV  
  48  4:12  Marine  
  48  4:15  Factory Tech Lab  
  50  4:19  SCV  
  50  4:23  SCV  
  52  4:30  Command Center  
  52  4:33  SCV  
  52  4:35  SCV  
  52  4:36  Siege Tank  
  57  4:41  Supply Depot  
  57  4:42  Marine  
  57  4:43  Marine  
  57  4:45  SCV  
  60  4:51  Raven  
  62  4:56  Supply Depot  
  62  5:02  SCV, Engineering Bay  
  62  5:04  Engineering Bay  
  63  5:08  Refinery  
  63  5:09  SCV, Refinery  
  64  5:14  SCV  
  64  5:19  Marine x2  
  64  5:20  Supply Depot  
  67  5:22  SCV  
  67  5:26  SCV  
  69  5:31  Terran Infantry Armor Level 1, Terran Infantry Weapons Level 1  
  69  5:34  SCV  
  70  5:38  SCV  
  71  5:45  Supply Depot  
  71  5:46  SCV, Orbital Command  
  71  5:49  Viking x2  
  76  5:50  Marine, SCV  
  76  5:58  SCV  
  76  5:59  Stimpack  
  76  6:03  SCV  
  78  6:08  Marine  
  78  6:10  SCV  
  78  6:11  Barracks  
  78  6:12  Barracks  
  78  6:15  SCV  
  78  6:16  Orbital Command  
  79  6:20  Sensor Tower  
  79  6:22  SCV  
  79  6:24  Viking x2  
  84  6:25  Marine  
  84  6:27  SCV  
  84  6:32  Siege Tank  
  89  6:34  SCV  
  89  6:39  SCV  
  90  6:42  Armory  
  90  6:44  SCV  
  90  6:46  SCV  
  91  6:47  Liberator  
  91  6:51  SCV  
  91  6:52  Barracks  
  91  6:54  Liberator, Barracks  
  92  6:56  SCV  
  92  6:58  SCV  
  92  6:59  Marine  
  95  7:03  SCV  
  95  7:08  SCV  
  100  7:10  SCV  
  100  7:15  SCV  
  102  7:20  SCV  
  100  7:23  SCV  
  100  7:25  Barracks Reactor  
  100  7:27  Barracks Reactor, SCV, Reaper  
  98  7:32  SCV  
  98  7:35  SCV  
  98  7:36  Siege Tank  
  97  7:38  Supply Depot  
  97  7:39  SCV  
  92  7:44  SCV, Marine  
  92  7:46  Marine  
  92  7:47  SCV  
  96  7:51  SCV  
  96  7:56  SCV  
  96  7:59  SCV, Marine  
  96  8:02  Marine  
  96  8:04  Marine, SCV, Supply Depot  
  100  8:08  Marine x2, SCV  
  100  8:11  SCV  
  100  8:12  Sensor Tower  
  103  8:14  Terran Infantry Weapons Level 2  
  103  8:16  SCV  
  103  8:17  Marine  
  104  8:22  Marine x2  
  104  8:24  Barracks Reactor x2, SCV  
  104  8:25  Siege Tank  
  111  8:28  SCV  
  111  8:30  SCV  
  111  8:32  Sensor Tower  
  90  8:35  Marine  
  90  8:36  SCV  
  90  8:40  SCV  
  76  8:42  SCV  
  76  8:47  Marine x4  
  81  8:49  SCV  
  81  8:52  Terran Infantry Armor Level 2, SCV  
  81  8:54  SCV  
  84  8:56  Marine  
  84  9:00  Combat Shields  
  85  9:04  SCV  
  85  9:05  Marine x2  
  85  9:08  Marine  
  85  9:09  Factory  
  89  9:10  Marine, Refinery  
  89  9:12  Marine  
  91  9:17  Siege Tank  
  91  9:18  Marine  
  91  9:19  Marine  
  96  9:25  Supply Depot  
  96  9:26  Marine, Supply Depot  
  96  9:28  Marine  
  98  9:32  Marine x2, Medivac  
  98  9:36  Marine  
  98  9:37  Marine  
  98  9:38  Marine  
  103  9:41  Marine  
  104  9:54  Marine  
  104  10:02  Marine x2  
  104  10:03  Siege Tank  
  104  10:05  Marine  
  108  10:07  Marine  
  108  10:09  Medivac  
  108  10:10  Marine  
  108  10:11  Marine  
  113  10:15  Marine, Supply Depot x2  
  113  10:19  Marine x2, Factory Tech Lab  
  113  10:20  Medivac  
  113  10:21  Marine  
  119  10:22  Marine  
  119  10:23  Marine  
  119  10:24  Terran Vehicle Weapons Level 1  
  119  10:25  Marine  
  122  10:28  Marine  
  122  10:29  Marine, Supply Depot  
  122  10:30  Supply Depot  
  122  10:31  SCV x2  
  122  10:35  Siege Tank  
  129  10:38  Siege Tank, Marine  
  129  10:41  Medivac  
  135  10:44  Marine x2  
  135  10:48  Marine  
  135  10:49  Marine  
  139  10:50  Marine  
  139  10:51  Marine  
  139  10:53  Marine  
  139  10:54  Marine  
  139  10:56  Marine  
  143  11:00  Medivac  
  143  11:01  Marine  
  143  11:02  Marine  
  146  11:08  Siege Tank  
  146  11:10  Siege Tank  
  152  11:11  Medivac  
  152  11:17  Marine x2, Supply Depot  
  156  11:19  Supply Depot  
  156  11:20  Marine  
  156  11:21  Terran Infantry Weapons Level 3  
  156  11:25  Marine  
  157  11:30  Marine  
  157  11:31  Marine  
  157  11:32  Marine x3  
  162  11:34  Marine  
  162  11:35  Marine  
  164  11:45  Marine  
  142  11:47  Marine  
  142  11:48  Marine  
  142  11:49  Marine x2  
  142  11:50  Siege Tank, Marine x2, Medivac  
  142  11:52  Marine  
  144  11:56  Marine  
  145  12:03  Marine, Barracks  
  145  12:08  Marine, Command Center  
  146  12:09  Marine  
  146  12:10  Siege Tank  
  146  12:12  Marine x2  
  146  12:13  Marine  
  154  12:17  Marine  
  154  12:18  Marine x2  
  157  12:22  Marine  
  157  12:26  Marine  
  152  12:35  Marine x2  
  152  12:36  Marine x2  
  153  12:42  Marine x4  
  153  12:43  Siege Tank  
  153  12:44  Marine, Medivac  
  163  12:52  Marine  
  163  12:54  Marine  
  165  13:00  Marine  
  165  13:02  Siege Tank  
  165  13:03  Terran Vehicle Weapons Level 2, Terran Infantry Armor Level 3  
  169  13:06  Marine  
  169  13:07  Marine x2  
  169  13:13  Marine x3  
  169  13:14  Marine  
  156  13:29  Marine x3  
  156  13:30  Siege Tank, Medivac  
  156  13:32  Marine  
  156  13:34  Marine x2  
  165  13:40  Marine  
  168  13:41  Marine x2  
  168  13:46  Marine  
  168  13:47  Marine  
  172  13:49  Siege Tank  
  172  13:51  Marine  
  175  13:59  Marine  
  175  14:02  Marine x2  
  177  14:04  Marine  
  177  14:07  Marine x3  
  180  14:13  Marine x2  
  182  14:17  Marine  
  182  14:20  Marine x2  
  168  14:31  Marine x2  
  149  14:32  Marine  
  149  14:33  Siege Tank, Marine x2  
  149  14:34  Marine, Medivac x2  
  149  14:35  Marine  
  162  14:39  Marine  
  162  14:41  Marine  
  164  14:46  Planetary Fortress  
  164  14:49  Marine x2  
  164  14:50  Marine  
  164  14:51  Marine x3  
  170  14:56  Marine  
  170  14:57  Marine  
  170  14:59  Marine  
  173  15:06  Marine  
  173  15:07  Marine  
  173  15:08  Marine  
  173  15:09  Marine x2  
  173  15:10  Siege Tank  
  173  15:13  Marine  
  181  15:14  Marine  
  181  15:15  Marine  
  181  15:21  Marine  
  183  15:22  Medivac  
  183  15:24  Marine  
  183  15:25  Marine  
  183  15:26  Marine  
  183  15:27  Marine x2  
  191  15:33  Marine  
  192  15:42  Marine  
  190  15:43  Marauder  
  190  15:45  Siege Tank x2  
  190  15:47  Marine  
  190  16:00  Marine x2  
  190  16:01  Medivac x2  
  186  16:04  Marauder  
  178  16:18  Marine x2  
  169  16:25  Marine  
  173  16:34  Siege Tank  
  173  16:36  Barracks  
  173  16:37  Barracks x2  
  176  16:43  Marine  
  173  16:49  Medivac  
  173  17:01  Supply Depot  
  173  17:02  Supply Depot  
  173  17:04  Missile Turret  
  173  17:06  Missile Turret  
  173  17:07  Missile Turret  
  173  17:11  Supply Depot  
  173  17:13  Supply Depot  
  151  17:43  Supply Depot x2  
  151  17:45  Supply Depot  
  151  17:56  Marine x2  
  149  18:01  Siege Tank, Marine  
  142  18:14  Marine x2  
  142  18:17  Barracks  
  142  18:18  Marine  
  142  18:19  Barracks, Viking  
  146  18:20  Barracks  
  140  18:32  Marine x2  
  140  18:33  Siege Tank  
  144  18:36  Marine  
  135  18:50  Marine x2  
  135  18:51  Viking  
  135  18:54  Marine  
  140  19:05  Siege Tank  
  140  19:08  Marine x2  
  145  19:12  Marine  
  142  19:25  Marine x2  
  142  19:30  Marine  
  142  19:31  Viking x2  
  141  19:37  Siege Tank  
  144  19:43  Marine x2  
  146  19:47  Marine  
  147  19:59  Marine x2  
  149  20:01  Marine x2  
  149  20:05  Marine  
  152  20:13  Marine  
  153  20:14  Orbital Command  
  153  20:17  Marine  
  153  20:19  Marine x2  
  156  20:22  Marine  
  156  20:23  Marine  
  156  20:27  Siege Tank  
  161  20:29  Supply Depot  
  161  20:30  Supply Depot  
  161  20:31  Marine  
  161  20:34  Marine  
  162  20:37  Marine x2  
  162  20:40  Marine  
  162  20:41  Marine  
  159  20:49  Marine  
  148  20:52  Marine  
  148  20:54  Marine x2  
  150  20:57  Marine  
  150  20:59  Marine  
  161  21:07  Marine  
Tags
 
Add a new tag
Caveats
  • Supply blocks, unpowered buildings, or Contaminate may cause inaccurate times.
  • Supply counts are checked every 10 seconds.